 Dungeon Crawl Stone Soup version 0.28-a0-1143-gcf6077d4cc (webtiles) character file.

Game seed: 8568168442669205407

182 siradein the Skirmisher (level 5, -5/42 HPs)
             Began as a Human Fighter on Dec 14, 2021.
             Slain by an iguana (7 damage)
             ... on level 4 of the Dungeon.
             The game lasted 00:13:52 (3111 turns).

siradein the Skirmisher (Human Fighter)             Turns: 3111, Time: 00:13:52

Health: -5/42      AC: 14    Str: 17    XL:     5   Next: 93%
Magic:  5/5        EV:  5    Int:  8    God:
Gold:   105        SH:  5    Dex: 14    Spells: 4/4 levels left

rFire   . . .      SeeInvis .   a - +0 flail
rCold   . . .      Faith    .   c - +0 buckler
rNeg    . . .      Spirit   .   u - +0 plate armour
rPois   .          Reflect  .   (no helmet)
rElec   .          Harm     .   f - +0 cloak
rCorr   .          Rampage  .   (no gloves)
Will    .....                   i - +0 pair of boots
Stlth   ..........              s - amulet of magic regeneration
HPRegen 0.14/turn               (no ring)
MPRegen 0.49/turn               (no ring)

@: no status effects
A: no striking features
a: no special abilities


You were on level 4 of the Dungeon.
You visited 1 branch of the dungeon, and saw 4 of its levels.
You also visited: Sewer.

You collected 105 gold pieces.

Inventory:

Hand Weapons
 a - a +0 flail (weapon)
Missiles
 q - 10 poisoned darts (quivered)
Armour
 c - a +0 buckler (worn)
 f - a +0 cloak (worn)
 i - a +0 pair of boots (worn)
 u - a +0 plate armour (worn)
Jewellery
 s - an amulet of magic regeneration (around neck)
Wands
 h - a wand of paralysis (7)
Scrolls
 j - a scroll of magic mapping
 k - a scroll of fog {unknown}
 m - 2 scrolls of fear {unknown}
 o - a scroll of amnesia {unknown}
 r - 2 scrolls of teleportation
 t - a scroll of acquirement {unknown}
 v - a scroll of enchant weapon {unknown}
 w - a scroll of summoning {unknown}
Potions
 b - a potion of berserk rage {unknown}
 d - a potion of might
 e - 2 potions of invisibility {unknown}
 g - a potion of brilliance {unknown}
 l - 6 potions of flight
 n - 2 potions of magic
 p - a potion of lignification {unknown}


   Skills:
 + Level 3.9 Fighting
 + Level 3.0 Maces & Flails
 + Level 3.8 Armour
 + Level 1.8 Dodging
 + Level 3.8 Shields


You had 4 spell levels left.
You didn't know any spells.
Your spell library contained the following spells:

 Spells                   Type           Power      Damage    Failure   Level
 Animate Skeleton         Necr           0%         N/A       100%        1
 Apportation              Tloc           0%         N/A       100%        1
 Beastly Appendage        Tmut           0%         N/A       100%        1
 Summon Small Mammal      Summ           0%         N/A       100%        1
 Wereblood                Tmut           0%         N/A       100%        2
 Spider Form              Tmut/Pois      0%         N/A       100%        3
 Chain Lightning          Conj/Air       0%         N/A       100%        9
 Fire Storm               Conj/Fire      0%         5d1       100%        9
 Shatter                  Erth           0%         3d5*      100%        9


Dungeon Overview and Level Annotations

Branches:
Dungeon (4/15)              Sewer (visited)
 Temple: D:4-7

Altars:
Dithmenos

Shops:
D:2 =


Message History

The iguana hisses angrily.
Found three items.
Found a stone staircase leading down.
There is a stone staircase leading up here.
An iguana is nearby!
An iguana is nearby!
You sock the iguana!
The iguana is heavily wounded.
The iguana bites you!
You hit the iguana.
The iguana is heavily wounded.
The iguana bites you but does no damage.
You hit the iguana.
The iguana is severely wounded.
The iguana bites you.
You hit the iguana.
The iguana is almost dead.
You block the iguana's attack. The iguana bites you!
You are too injured to fight recklessly!
You hit the iguana but do no damage.
The iguana is almost dead.
The iguana bites you.
* * * LOW HITPOINT WARNING * * *
You closely miss the iguana.
The iguana is almost dead.
The iguana bites you but does no damage.
You hit the iguana but do no damage.
The iguana is almost dead.
The iguana closely misses you.
You barely miss the iguana.
The iguana is almost dead.
The iguana bites you but does no damage.
The iguana bites you!
* * * LOW HITPOINT WARNING * * *
You closely miss the iguana.
The iguana is almost dead.
The iguana barely misses you.
Your plate armour prevents you from hitting the iguana.
The iguana is almost dead.
The iguana bites you!
You die...

#..... #.#..# #
#....#.# # #
#....#.#.#
#.#........
..#..:.?...#.##
......l........
#....@.......
#........####
#..#=.......#
#. ..>....... #
.#..##.##.#
..#..# .# # #.
#..# # .. #...


You could see an iguana.

Vanquished Creatures
  An orc priest (D:3)
  A merfolk siren (Sewer)
  A merfolk avatar (Sewer)
  3 river rats
  3 orcs (D:3)
  7 ball pythons
  5 bats
  9 endoplasms
  7 giant cockroaches
  2 goblins
  4 kobolds
  7 quokkas
  6 frilled lizards
  26 rats
82 creatures vanquished.

Notes
Turn   | Place    | Note
-------+----------+-------------------------------------------
     0 | D:1      | siradein the Human Fighter began the quest for the Orb.
     0 | D:1      | Reached XP level 1. HP: 18/18 MP: 1/1
   201 | D:1      | Reached XP level 2. HP: 24/24 MP: 2/2
   531 | D:1      | Found a faded altar of an unknown god.
   728 | D:2      | Reached XP level 3. HP: 29/29 MP: 3/3
   761 | D:2      | Found a shadowy altar of Dithmenos.
   941 | D:2      | Found Qeceylif's Jewellery Shoppe.
  1555 | D:3      | Found a glowing drain.
  1583 | D:3      | Reached XP level 4. HP: 23/35 MP: 4/4
  1625 | Sewer    | Entered a sewer
  1703 | Sewer    | Reached skill level 1 in Dodging
  2091 | Sewer    | Reached XP level 5. HP: 41/41 MP: 5/5
  2259 | Sewer    | Noticed a malarious merfolk avatar
  2288 | Sewer    | Killed a malarious merfolk avatar
  3109 | D:4      | HP: 2/42 [iguana (11)]
  3111 | D:4      | Slain by an iguana

Illustrated notes

Levels and vault maps discovered:
D:1:      psy_arrival_conway, layout_rooms,
          shapermc_ecumenical_altar_notcrosses, corexii_leaking_fountain,
          due_unseen_surprise
D:2:      layout_rooms, basic_altar, serial_shops, nicolae_shop_trees
D:3:      layout_loops_ring, portal_sewer_entry_b, bh_walls_and_bars
D:4:      layout_basic, uniq_sigmund

Skill      XL: |  1  2  3  4  5 |
---------------+----------------+-----
Dodging        | 1 |  1.8
Maces & Flails | 3 |  3.0
Fighting       | |  3.9
Armour         | |  3.8
Shields        | |  3.8

Action                   |  1- 3 |  4- 6 || total
-------------------------+-------+-------++-------
Melee: Flail             |    90 |   177 ||   267
  Use: Scroll            |     3 |       ||     3
       Potion            |       |     1 ||     1
Armor: Scale mail        |    11 |       ||    11
       Ring mail         |    27 |    68 ||    95
       Plate armour      |       |    19 ||    19
Dodge: Dodged            |    40 |    73 ||   113
Block: Buckler           |    24 |    45 ||    69

Table legend: (Time is in decaauts)
 A = Elapsed time spent in this place.
 B = Non-inter-level travel time spent in this place.
 C = Inter-level travel time spent in this place.
 D = Time resting spent in this place.
 E = Time spent auto-exploring this place.
 F = Levels seen in this place.
 G = Mean time per level.
                   A        B        C        D        E       F      G
               +--------+--------+--------+--------+--------+-----+--------+
         Total |   3245 |   3155 |     90 |     27 |   2227 |   5 |  649.0 |
       Dungeon |   2067 |   1977 |     90 |     27 |   1406 |   4 |  516.8 |
         Sewer |   1178 |   1178 |      0 |      0 |    821 |   1 | 1178.0 |
               +--------+--------+--------+--------+--------+-----+--------+

Top non-repeatable levels by time:
   Sewer: 1178 daAuts
     D:1: 739 daAuts
     D:2: 664 daAuts
     D:3: 652 daAuts
     D:4: 12 daAuts
